AoeStats
← Flo

Coastal Forest

503464521Analyzed
2v2 RM · 1mo ago on Aug 31, 2026· 15m 39s· 4 players
Game mode
Random Map
Map size
Medium (4 player)
Population
200
Speed
Normal
Resources
Standard
Victory
Conquest
Starting age
Dark Age
Ending age
Imperial Age
RankedLock teamsTeams togetherTeam positionsShared explorationLock speedFull tech treeHidden civsTurbo modeCheats
Victory
Defeat
🇨🇭 Chinese · Switzerland
1358
+15
🇨🇭 Wei · Switzerland
1358
+15
🇲🇽 Celts · Mexico
1350
-16
🇩🇪 Burgundians · Germany
1311
-14
botas.el.gato
6:58 Loom
10:21 Feudal Age
11:00 Double-Bit Axe
12:21 Wheelbarrow
11:32 Town Watch
13:37 Fletching
14:42 Fishing Lines
15:19 Padded Archer Armor
ElMeroMero
7:16 Loom
9:39 Feudal Age
11:02 Double-Bit Axe
Flo
6:57 Loom
9:25 Feudal Age
14:25 Double-Bit Axe
15:55 Forging
wit^
0:36 Loom
9:05 Feudal Age
9:41 Double-Bit Axe
Connection lost

Rejoining the realm…

Still unreachable

The connection could not be restored.

Session expired

The server has moved on; the page needs a fresh start.